 Dungeon Crawl Stone Soup version 0.27.1-1-g398f81649c (webtiles) character file.

Game seed: 11508841758165188911

3632 Rickety the Covert (level 9, -3/42 HPs)
             Began as a Spriggan Enchanter on Sept 17, 2021.
             Was an Initiate of Dithmenos.
             Killed from afar by Dowan (12 damage)
             ... with a shard of ice
             ... on level 7 of the Dungeon.
             The game lasted 00:21:26 (7396 turns).

Rickety the Covert (Spriggan Enchanter)             Turns: 7396, Time: 00:21:27

Health: -3/42      AC:  9    Str:  4    XL:     9   Next: 87%
Magic:  21/22      EV: 18    Int: 17    God:    Dithmenos [......]
Gold:   315        SH:  0    Dex: 18    Spells: 12/24 levels left

rFire    . . .     SeeInvis +   a - +1 dagger (venom)
rCold    . . .     Faith    .   (shield restricted)
rNeg     . . .     Spirit   .   n - +0 troll leather armour
rPois    .         Reflect  .   (helmet restricted)
rElec    .         Harm     .   E - +0 cloak
rCorr    .         Rampage  .   (gloves unavailable)
Will     +....                  (boots unavailable)
Stlth    +++++.....             (no amulet)
HPRegen  1.14/turn              s - +4 ring of slaying
MPRegen  0.18/turn              k - +4 ring of protection

@: lethally poisoned (-3 -> -4), very quick
A: very small, no large weapons, unfitting armour, see invisible, speed 3
a: Renounce Religion


You were on level 7 of the Dungeon.
You worshipped Dithmenos.
Dithmenos was noncommittal.
You visited 2 branches of the dungeon, and saw 8 of its levels.
You also visited: Bailey.

You collected 315 gold pieces.

Inventory:

Hand Weapons
 a - a +1 dagger of venom (weapon)
 b - a +3 rapier of electrocution
 o - a +1 dagger
Missiles
 B - 3 poisoned darts (quivered)
Armour
 n - a +0 troll leather armour (worn)
 x - a +1 robe of the Archmagi
 D - a +0 robe
 E - a +0 cloak (worn)
Magical Staves
 w - a staff of death
 J - a staff of poison
Jewellery
 f - a +6 ring of intelligence
 k - a +4 ring of protection (right hand)
 s - a +4 ring of slaying (left hand)
Wands
 C - a wand of mindburst (16)
 F - a wand of acid (8)
Scrolls
 c - a scroll of vulnerability
 e - a scroll of amnesia
 g - 3 scrolls of magic mapping {unknown}
 h - a scroll of immolation {unknown}
 j - a scroll of silence {unknown}
 l - 4 scrolls of teleportation
 m - 3 scrolls of acquirement
 t - a scroll of holy word {unknown}
 v - 3 scrolls of identify
 y - 2 scrolls of enchant armour
 G - a scroll of fog {unknown}
Potions
 d - a potion of resistance {unknown}
 i - 2 potions of brilliance
 p - a potion of lignification {unknown}
 q - 2 potions of curing
 r - a potion of might {unknown}
 u - a potion of degeneration {unknown}
 z - 2 potions of ambrosia {unknown}
 A - 3 potions of heal wounds {unknown}
 H - a potion of invisibility {unknown}
 I - 2 potions of haste {unknown}


   Skills:
 + Level 1.9 Fighting
 + Level 4.3 Short Blades
 - Level 2.0 Throwing
 + Level 2.1 Armour
 + Level 4.6 Dodging
 * Level 12.3 Stealth
 + Level 8.2 Spellcasting
 + Level 7.9 Hexes
 - Level 0.9 Ice Magic
 * Level 5.1 Evocations


You had 12 spell levels left.
You knew the following spells:

 Your Spells              Type           Power      Damage    Failure   Level
a - Corona                Hex            36%        N/A       1%          1
b - Ensorcelled Hibernat  Hex/Ice        44%        N/A       4%          2
c - Confusing Touch       Hex            33%        N/A       1%          3
d - Dazzling Flash        Conj/Hex       40%        N/A       11%         3
t - Tukima's Dance        Hex            33%        N/A       1%          3

Your spell library contained the following spells:

 Spells                   Type           Power      Damage    Failure   Level
 Shock                    Conj/Air       28%        1d4       19%         1
 Passwall                 Tmut/Erth      5%         N/A       26%         2
 Sublimation of Blood     Necr           3%         N/A       26%         2
 Swiftness                Air            7%         N/A       47%         3
 Invisibility             Hex            16%        N/A       71%         6
 Airstrike                Air            3%         N/A       87%         4
 Petrify                  Tmut/Erth      7%         N/A       87%         4
 Irradiate                Conj/Tmut      3%         3d14      99%         5


Dungeon Overview and Level Annotations

Branches:
Dungeon (7/15)             Temple (1/1) D:7          Bailey (visited)

Altars:
Ashenzari
Cheibriados
Dithmenos
Elyvilon
Fedhas
Gozag
Hepliaklqana
Kikubaaqudgha
Makhleb
Nemelex Xobeh
Okawaru
Qazlal
Ru
Sif Muna
Trog
Uskayaw
Vehumet
Wu Jian
Xom
Zin

Shops:
D:3 [

Annotations:
D:7 Dowan


Innate Abilities, Weirdness & Mutations

You are very small and have problems with some larger weapons.
You are too small for most types of armour.
You have supernaturally acute eyesight. (SInv)
You cover ground extremely quickly. (Speed+++)


Message History

Casting: Confusing Touch (safe; 1% risk of failure)
Confirm with . or Enter, or press ? or * to list all spells.
Your hands begin to glow red.
Dowan misses you.
Dowan hits you with a +2 dagger of venom.
You are poisoned.
You hit Dowan but do no damage.
You feel very sick.
Dowan points at you and mumbles some strange words.
The shard of ice misses you.
You closely miss Dowan.
You feel sick. Dowan hits you but does no damage.
You are more poisoned.
You hit Dowan but do no damage.
Dowan appears confused.
You feel very sick. Dowan closely misses you.
You hit Dowan.
Dowan is lightly wounded.
You feel sick.
Dowan drinks a potion.
Dowan is healed!
Dowan seems less confused.
You hit Dowan.
Dowan is poisoned.
Dowan is moderately wounded.
You feel sick. Dowan closely misses you.
Dowan hits you with a +2 dagger of venom.
You are more poisoned.
You hit Dowan.
Dowan looks as sick as possible!
Dowan is moderately wounded.
You feel very sick.
Dowan mumbles some strange words.
Dowan blinks!
You feel sick.
You feel sick.
Dowan casts a spell.
Dowan blinks!
You feel sick.
You feel sick.
You feel sick.
You feel sick.
You feel sick.
Dowan points at you and mumbles some strange words.
The shard of ice hits you!
You die...

.....≈#.(.#≈...##.........##.....
.#.#.≈#...#≈...##.........#....e.
.....≈##.##≈.........e...... #<
.#...≈≈))≈≈≈...##.e......# ##
.#.#.........####.####......
.#.######...#####........##.
.'......+....=....../......
.#.######...##.8.#.......###
.#... #...#...@........ .#####
#...#8.>.8....... .######
#...#............ ......#
#...##.8.#....... ......#
#...##....$.....$
#.....#.#...###..........
......#.#...# #.........
#.....#.##### #.........
#.....#.#### #........


You could see Dowan (fast, very poisoned).

Vanquished Creatures
  An orc warlord (Bailey)
  Joseph (D:7)
  Grinder (D:6)
  Prince Ribbit (D:7)
  Eustachio (D:5)
  Menkaure (D:5)
  2 water moccasins (D:7)
  Duvessa (D:7)
  A black bear (D:6)
  2 orc warriors
  A sky beast (D:6)
  A necrophage (D:5)
  A scorpion (D:7)
  A water moccasin zombie (D:6)
  A howler monkey (D:4)
  A centaur zombie (D:6)
  2 hounds
  2 jellies
  Crazy Yiuf (D:5)
  An orc priest (D:6)
  2 centaur skeletons (D:6)
  3 iguanas
  Jessica (D:3)
  3 orc wizards
  A scorpion zombie (D:5)
  A hound skeleton (D:5)
  3 adders
  A shadow imp (D:5)
  A white imp (D:6)
  2 ufetubi (D:6)
  14 orcs
  6 endoplasms
  3 giant cockroaches
  7 goblins
  6 hobgoblins
  24 kobolds
  3 quokkas
  5 ball pythons
  3 bats
  4 frilled lizards
  A quokka skeleton (D:4)
  6 rats
124 creatures vanquished.

Vanquished Creatures (collateral kills)
  An orc warrior (Bailey)
  2 orc wizards (D:5)
  A gnoll (Bailey)
  4 orcs
  A hobgoblin (Bailey)
  4 goblins (D:7)
13 creatures vanquished.

Vanquished Creatures (others)
  3 dancing weapons
3 creatures vanquished.

Grand Total: 140 creatures vanquished

Notes
Turn   | Place    | Note
-------+----------+-------------------------------------------
     0 | D:1      | Rickety the Spriggan Enchanter began the quest for the Orb.
     0 | D:1      | Reached XP level 1. HP: 9/9 MP: 5/5
   691 | D:1      | Reached XP level 2. HP: 13/13 MP: 6/6
   694 | D:1      | Learned a level 2 spell: Ensorcelled Hibernation
   791 | D:1      | Reached skill level 5 in Stealth
   837 | D:1      | Found a faded altar of an unknown god.
  1615 | D:2      | Reached XP level 3. HP: 16/16 MP: 2/8
  1868 | D:2      | Reached skill level 6 in Stealth
  2500 | D:3      | Noticed Jessica
  2615 | D:3      | Found Eprapt's Armour Boutique.
  2705 | D:2      | Learned a level 3 spell: Confusing Touch
  2941 | D:3      | Killed Jessica
  2942 | D:3      | Reached XP level 4. HP: 20/21 MP: 8/10
  2946 | D:3      | Learned a level 3 spell: Tukima's Dance
  3265 | D:4      | Found a sparkling altar of Nemelex Xobeh.
  3376 | D:4      | Reached skill level 7 in Stealth
  3376 | D:4      | Reached XP level 5. HP: 25/25 MP: 1/11
  3738 | D:5      | Entered Level 5 of the Dungeon
  3932 | D:5      | Reached XP level 6. HP: 29/29 MP: 5/12
  3941 | D:5      | Learned a level 3 spell: Dazzling Flash
  3984 | D:5      | Reached skill level 1 in Fighting
  3984 | D:5      | Reached skill level 8 in Stealth
  4103 | D:5      | Found an ancient bone altar of Kikubaaqudgha.
  4105 | D:5      | Noticed Eustachio
  4113 | D:5      | Killed Eustachio
  4114 | D:5      | Reached skill level 1 in Armour
  4114 | D:5      | Reached XP level 7. HP: 33/33 MP: 11/14
  4173 | D:5      | Noticed Menkaure
  4267 | D:5      | Killed Menkaure
  4268 | D:5      | Reached skill level 9 in Stealth
  4310 | D:5      | Found a runed translucent door.
  4311 | D:5      | Noticed Crazy Yiuf
  4318 | D:5      | Killed Crazy Yiuf
  4416 | D:5      | Reached skill level 1 in Throwing
  4785 | D:6      | Noticed Grinder
  4791 | D:6      | Killed Grinder
  4792 | D:6      | Reached skill level 5 in Spellcasting
  4792 | D:6      | Reached skill level 5 in Hexes
  4848 | D:6      | Reached skill level 10 in Stealth
  4848 | D:6      | Reached XP level 8. HP: 37/37 MP: 6/16
  5296 | D:6      | Reached skill level 1 in Evocations
  5596 | D:7      | Noticed Prince Ribbit
  5625 | D:7      | Noticed Duvessa
  5625 | D:7      | Noticed Dowan
  5925 | D:7      | Noticed Joseph
  5927 | D:7      | Killed Joseph
  5928 | D:7      | Reached skill level 11 in Stealth
  5950 | D:7      | Killed Prince Ribbit
  5951 | D:7      | Reached XP level 9. HP: 17/42 MP: 16/19
  5968 | D:7      | Found a flagged portal.
  5994 | Bailey   | Entered a bailey
  6017 | Bailey   | Noticed an orc warlord
  6388 | Bailey   | Found a runed translucent gate.
  6390 | Bailey   | Found a runed translucent gate.
  6402 | Bailey   | Found a runed translucent gate.
  6875 | Bailey   | Killed an orc warlord
  6876 | Bailey   | Reached skill level 12 in Stealth
  6876 | Bailey   | Reached skill level 5 in Evocations
  7085 | D:7      | Found a staircase to the Ecumenical Temple.
  7103 | D:7      | Killed Duvessa
  7110 | Temple   | Entered the Ecumenical Temple
  7189 | Temple   | Became a worshipper of Dithmenos the Shadowed
  7396 | D:7      | Killed from afar by Dowan

Illustrated notes

Levels and vault maps discovered:
D:1:      heliophobic_arrival_henge, layout_loops_corners,
          ebering_ecumenical_altar_webs
D:2:      layout_loops_ring, kennysheep_generic_room_14
D:3:      layout_loops_ring, serial_shops, shop, uniq_jessica
D:4:      layout_basic, mainiacjoe_overflow_concentric_impassable
D:5:      layout_rooms, kiku_gazebo_pond_becter, chequers_serial_rivers_large_a,
          minmay_bent, uniq_eustachio, uniq_menkaure, uniq_crazy_yiuf_cottage
D:6:      layout_loops_cross, uniq_grinder
D:7:      layout_basic, minmay_temple_entry_statues_pillars, enter_bailey_3,
          uniq_joseph, uniq_prince_ribbit1, uniq_duvessa
Temple:   hc_temple_tempest_star

Skill      XL: |  1  2  3  4  5  6  7  8  9 |
---------------+----------------------------+-----
Stealth        | 5 6 7 8 10 11 12 | 12.3
Dodging        | 3 4 |  4.6
Spellcasting   | 3 4 5 6 8 |  8.2
Hexes          | 4 5 6 7 |  7.9
Short Blades   | 2 3 4 |  4.3
Fighting       | 1 |  1.9
Armour         | 1 2 |  2.1
Throwing       | 1 2 |  2.0
Evocations     | 3 5 |  5.1
Ice Magic      | |  0.9

Action                   |  1- 3 |  4- 6 |  7- 9 || total
-------------------------+-------+-------+-------++-------
Melee: Dagger            |   118 |    93 |   187 ||   398
Throw: Boomerang         |       |       |    18 ||    18
 Cast: Corona            |     3 |       |     2 ||     5
       Ensorcelled Hiber |    14 |     4 |    25 ||    43
       Tukima's Dance    |       |     5 |    22 ||    27
       Confusing Touch   |       |     3 |    12 ||    15
  Use: Scroll            |       |       |     5 ||     5
 Stab: Sleeping          |    24 |     6 |    17 ||    47
       Distracted        |     1 |       |       ||     1
       Confused          |       |     1 |     9 ||    10
Armor: Robe              |    17 |       |       ||    17
       Troll leather arm |     1 |    16 |    43 ||    60
Dodge: Dodged            |    73 |    52 |   152 ||   277
